 Dungeon Crawl Stone Soup version 0.30-a0-134-gb40fab5c76 (webtiles) character file.

Game seed: 4673130363281569339

2414 SensoryNuts the Basher (level 9, -7/54 HPs)
             Began as a Gargoyle Fighter on Sept 19, 2022.
             Killed by divine providence
             ... invoked by an orc priest
              (17 damage)
             ... on level 7 of the Dungeon.
             The game lasted 00:08:04 (8120 turns).

SensoryNuts the Basher (Gargoyle Fighter)           Turns: 8120, Time: 00:08:05

Health: -7/54      AC: 33    Str: 24    XL:     9   Next: 47%
Magic:  9/9        EV:  5    Int:  9    God:
Gold:   1165       SH: 14    Dex: 15    Spells: 8/8 levels left

rFire   . . .      SeeInvis .    o - +3 flail (protect)
rCold   + . .      Faith    .    j - +0 tower shield
rNeg    + . .      Spirit   .    l - +3 chain mail {rC+}
rPois   ∞          Reflect  .    q - +2 helmet
rElec   +          Harm     .    (no cloak)
rCorr   .          Rampage  .    (no gloves)
Will    .....                    p - +2 pair of boots {Fly}
Stlth   ..........               (no amulet)
HPRegen 0.18/turn                E - +6 ring of dexterity
MPRegen 0.11/turn                (no ring)

@: about to teleport, under a protective aura, flying
A: sickness immunity, AC +6, negative energy resistance 1, electricity
resistance, torment resistance 1, petrification resistance
a: no special abilities


You were on level 7 of the Dungeon.
You visited 2 branches of the dungeon, and saw 8 of its levels.

You collected 1591 gold pieces.
You spent 426 gold pieces at shops.

Inventory:

Hand Weapons
 o - a +3 flail of protection (weapon)
Missiles
 y - a throwing net (quivered)
Armour
 b - a +0 scale mail
 j - a +0 tower shield (worn)
 l - a +3 chain mail of cold resistance (worn)
 p - a +2 pair of boots of flying (worn)
 q - a +2 helmet (worn)
Jewellery
 a - a ring of wizardry
 n - a ring of flight
 E - a +6 ring of dexterity (left hand)
Wands
 g - a wand of paralysis (6)
 r - a wand of flame (36)
 D - a wand of polymorph (16)
Scrolls
 d - a scroll of butterflies
 e - 3 scrolls of brand weapon
 v - a scroll of noise
 w - 5 scrolls of identify
 A - a scroll of teleportation
 B - a scroll of summoning {unknown}
 C - a scroll of magic mapping {unknown}
Potions
 c - 2 potions of resistance
 f - 4 potions of curing
 h - a potion of heal wounds
 i - a potion of magic
 k - a potion of berserk rage {unknown}
 m - 3 potions of degeneration
 s - a potion of brilliance {unknown}
 t - 3 potions of haste {unknown}
 u - a potion of cancellation {unknown}
 x - a potion of experience {unknown}
 z - a potion of might


   Skills:
 + Level 5.0 Fighting
 * Level 9.8 Maces & Flails
 + Level 5.9 Armour
 + Level 1.5 Dodging
 + Level 0.6 Stealth
 + Level 6.3 Shields


You had 8 spell levels left.
You didn't know any spells.
Your spell library contained the following spells:

 Spells                   Type           Power      Damage    Failure   Level
 Magic Dart               Conj           0%         1d3       100%        1
 Searing Ray              Conj           0%         2d4       100%        2
 Cause Fear               Hex            0%         N/A       100%        4
 Fulminant Prism          Conj/Hex       0%         3d6       100%        4
 Dragon Form              Tmut           0%         N/A       100%        7
 Dragon's Call            Summ           0%         N/A       100%        9


Dungeon Overview and Level Annotations

Branches:
Dungeon (7/15)             Temple (1/1) D:6

Altars:
Ashenzari
Cheibriados
Dithmenos
Elyvilon
Fedhas
Gozag
Hepliaklqana
Kikubaaqudgha
Makhleb
Nemelex Xobeh
Qazlal
Ru
Sif Muna
Trog
Uskayaw
Vehumet
Wu Jian
Xom
Yredelemnul
The Shining One

Shops:
D:2 (*:[

Annotations:
D:3 1 runed translucent door, Crazy Yiuf


Innate Abilities, Weirdness & Mutations

You are immune to sickness and miasma.
Your stone body is resilient. (AC +6)
You are immune to poison.
You resist negative energy. (rN+)
You are resistant to electric shocks. (rElec)
You are resistant to unholy torment.
You are immune to petrification.


Message History

You thump the water moccasin!
Your weapon exudes an aura of protection.
The water moccasin is severely wounded.
The water moccasin bites you but does no damage. x2
You closely miss the water moccasin.
The water moccasin is severely wounded.
You block the water moccasin's attack. The water moccasin barely misses you.
You sock the water moccasin!
You kill the water moccasin!
The orc priest mumbles some strange prayers to Beogh against you.
Beogh smites you!
You barely miss the orc priest. You block the orc priest's attack.
An orc priest comes into view. It is wielding a +0 club.
The orc priest shouts!
You sock the orc priest!
The orc priest is severely wounded.
You block the orc priest's attack.
You hit the orc priest.
The orc priest is severely wounded.
The orc priest begins to cast a cantrip, but forgets the words!
The orc priest hits you but does no damage.
You closely miss the orc priest.
The orc priest is severely wounded.
An orc comes into view. It is wielding a +0 whip.
The orc priest calls down the wrath of Beogh upon you.
Beogh smites you!
The orc shouts!
You sock the orc priest!
You kill the orc priest!
You hit the jelly.
Your hands burn!
The jelly is moderately wounded.
The jelly hits you but does no damage.
The orc priest invokes the aid of Beogh against you.
Beogh smites you!
* * * LOW HITPOINT WARNING * * *
As you read the scroll of teleportation, it crumbles to dust.
You feel strangely unstable.
The orc priest invokes the aid of Beogh against you.
Beogh smites you!
You die...

#.#.###.#####.# .....
#.#...........# #.#.#
#.#####.####### #.#.# #.#
#..# #.#.# #.# #.## #.#.#
#.# #.# ######.#.# #.#
#.# .......#.#####.####.#
#..#..o)oJ@......#.......
#....#o#####....###......
o###.#.##.# #####.#
.####. ..(.......# ... .
.......#### .##.##
..#.##. .# # #.# #. .# ##
#. .. .. ##


You could see a jelly, an orc priest and 2 orcs.

Vanquished Creatures
  The ghost of hgbash the Sneak, a novice SpCj of Vehumet (D:6)
  Edmund (D:5)
  2 water moccasins
  2 sky beasts
  2 black bears
  2 centaurs
  An ogre (D:4)
  Blork the orc (D:4)
  A gnoll sergeant (D:6)
  2 bullfrogs (D:6)
  2 necrophages (D:6)
  A howler monkey (D:6)
  A jelly (D:6)
  3 quasits (D:6)
  3 hounds (D:5)
  3 orc priests
  4 iguanas
  Ijyb (D:3)
  Natasha (thrice) (D:3)
  2 orc wizards
  11 gnolls
  7 adders
  2 white imps
  A worm (D:3)
  2 dart slugs (D:3)
  24 orcs
  8 ball pythons
  4 endoplasms
  3 giant cockroaches
  7 goblins
  4 hobgoblins
  11 kobolds
  4 quokkas
  2 bats
  2 frilled lizards
  6 rats
136 creatures vanquished.

Notes
Turn   | Place    | Note
-------+----------+-------------------------------------------
     0 | D:1      | SensoryNuts the Gargoyle Fighter began the quest for the
                  | Orb.
     0 | D:1      | Reached XP level 1. HP: 14/14 MP: 1/1
   318 | D:1      | Reached XP level 2. HP: 19/19 MP: 2/2
   452 | D:1      | Found a faded altar of an unknown god.
   694 | D:2      | Found Qitwea Abipt's Weapon Boutique.
   706 | D:2      | Found a sparkling altar of Nemelex Xobeh.
   783 | D:2      | Reached XP level 3. HP: 23/23 MP: 3/3
   998 | D:2      | Found Waluresk's Antique Armour Shop.
  1110 | D:2      | Found Uzeklied's Book Shop.
  1139 | D:2      | Found Siseirit's General Store.
  1227 | D:3      | Noticed Ijyb
  1230 | D:3      | Paralysed by Ijyb for 5 turns
  1247 | D:3      | Killed Ijyb
  1248 | D:3      | Reached skill level 3 in Maces & Flails
  1248 | D:3      | Reached XP level 4. HP: 11/29 MP: 4/4
  1917 | D:3      | Found a runed translucent door.
  1918 | D:3      | Noticed Crazy Yiuf
  2061 | D:3      | Noticed Natasha
  2070 | D:3      | Killed Natasha
  2071 | D:3      | Reached skill level 4 in Maces & Flails
  2071 | D:3      | Reached XP level 5. HP: 21/33 MP: 5/5
  2087 | D:3      | Noticed Natasha
  2449 | D:3      | Killed Natasha
  2799 | D:3      | Noticed Natasha
  2811 | D:3      | Killed Natasha
  3189 | D:4      | Identified a scroll of acquirement
  3189 | D:4      | Acquired 1228 gold pieces
  3200 | D:4      | Noticed Blork the orc
  3228 | D:4      | Killed Blork the orc
  3229 | D:4      | Reached XP level 6. HP: 19/38 MP: 6/6
  3954 | D:2      | Bought a shiny chain mail for 142 gold pieces
  3954 | D:2      | Bought a pair of embroidered boots for 142 gold pieces
  3954 | D:2      | Bought a glowing helmet for 142 gold pieces
  4153 | D:4      | Reached skill level 5 in Maces & Flails
  4153 | D:4      | Reached skill level 1 in Dodging
  4224 | D:4      | Noticed a black bear
  4231 | D:4      | Killed a black bear
  4232 | D:4      | Reached XP level 7. HP: 41/43 MP: 7/7
  4516 | D:5      | Entered Level 5 of the Dungeon
  4516 | D:5      | Noticed Edmund
  4538 | D:5      | Killed Edmund
  4539 | D:5      | Reached skill level 6 in Maces & Flails
  4643 | D:5      | Found a shimmering altar of Xom.
  4652 | D:5      | Found a shimmering altar of Xom.
  4655 | D:5      | Found a shimmering altar of Xom.
  4655 | D:5      | Found a shimmering altar of Xom.
  4674 | D:5      | Found a shimmering altar of Xom.
  4674 | D:5      | Found a shimmering altar of Xom.
  4676 | D:5      | Found a shimmering altar of Xom.
  4682 | D:5      | Reached skill level 5 in Armour
  4752 | D:5      | Reached skill level 7 in Maces & Flails
  4752 | D:5      | Reached XP level 8. HP: 48/48 MP: 8/8
  4843 | D:5      | Reached skill level 5 in Shields
  5807 | D:6      | Reached skill level 8 in Maces & Flails
  6380 | D:6      | Reached XP level 9. HP: 47/52 MP: 9/9
  6518 | D:6      | Found a transporter.
  6525 | D:6      | Found a transporter.
  6563 | D:6      | Reached skill level 9 in Maces & Flails
  6727 | D:6      | Noticed hgbash's ghost (novice SpCj)
  6868 | D:6      | Found a staircase to the Ecumenical Temple.
  7511 | D:6      | Killed hgbash's ghost
  7512 | D:6      | Reached skill level 5 in Fighting
  7717 | Temple   | Entered the Ecumenical Temple
  8120 | D:7      | Killed from afar by an orc priest

Illustrated notes

Levels and vault maps discovered:
D:1:      scummos_arrival_checkerplants, layout_loops_ring,
          dreamdust_ecumenical_altar_grove, feat_on_display
D:2:      layout_basic, serial_shops, nicolae_shop_statue_plus, shop_fountains,
          shop, shop, basic_altar
D:3:      layout_basic, minmay_increasing_density, uniq_ijyb, uniq_natasha,
          uniq_crazy_yiuf_cottage
D:4:      minmay_chambers_of_twos, layout_rooms, kennysheep_donut,
          uniq_blork_the_orc
D:5:      layout_basic, nicolae_xom_altar_mimics, serial_glass, glass_columns_a,
          glass_columns_a, uniq_edmund
D:6:      layout_layer_cave, minmay_temple_entry_overgrown,
          gammafunk_ghost_stat_death
D:7:      layout_loops_ring, okawaru_humans, chequers_serial_rivers_micro_a,
          grunt_ministairs_14
Temple:   compressed_dpeg_triangle_lava_temple

Skill      XL: |  1  2  3  4  5  6  7  8  9 |
---------------+----------------------------+-----
Maces & Flails | 3 4 5 7 8 9 |  9.8
Armour         | 4 5 |  5.9
Shields        | 4 5 6 |  6.3
Dodging        | 1 |  1.5
Fighting       | 4 5 |  5.0
Stealth        | |  0.6

Action                   |  1- 3 |  4- 6 |  7- 9 || total
-------------------------+-------+-------+-------++-------
Melee: Flail             |    81 |   121 |   295 ||   497
  Use: Scroll            |     6 |     6 |     4 ||    16
       Potion            |     1 |     2 |     2 ||     5
Armor: Scale mail        |    34 |    56 |       ||    90
       Chain mail        |       |    15 |   340 ||   355
Dodge: Dodged            |    23 |    22 |    64 ||   109
Block: Buckler           |     5 |       |       ||     5
       Tower shield      |    29 |    85 |   287 ||   401

Table legend: (Time is in decaauts)
 A = Elapsed time spent in this place.
 B = Non-inter-level travel time spent in this place.
 C = Inter-level travel time spent in this place.
 D = Time resting spent in this place.
 E = Time spent auto-exploring this place.
 F = Levels seen in this place.
 G = Mean time per level.
                   A        B        C        D        E       F      G
               +--------+--------+--------+--------+--------+-----+--------+
         Total |   8364 |   7555 |    809 |    478 |   5814 |   8 | 1045.5 |
       Dungeon |   8072 |   7283 |    789 |    478 |   5552 |   7 | 1153.1 |
        Temple |    291 |    271 |     20 |      0 |    262 |   1 |  291.0 |
               +--------+--------+--------+--------+--------+-----+--------+

Top non-repeatable levels by time:
     D:3: 2041 daAuts
     D:6: 1986 daAuts
     D:5: 1326 daAuts
     D:4: 1137 daAuts
     D:2: 786 daAuts
     D:1: 698 daAuts
  Temple: 291 daAuts
     D:7: 95 daAuts
